 Dungeon Crawl Stone Soup version 0.28-a0-1334-g1c9ffb4daf (webtiles) character file.

Game seed: 9934207385475958551

532 Cheeritup the Purveyor of Pain (level 7, -2/36 HPs)
             Began as a Deep Elf Necromancer on Dec 28, 2021.
             Was an Initiate of Kikubaaqudgha.
             Slain by Prince Ribbit (16 damage)
             ... on level 7 of the Dungeon.
             The game lasted 00:25:57 (7359 turns).

Cheeritup the Purveyor of Pain (DENe)               Turns: 7359, Time: 00:26:01

Health: -2/36      AC:  7    Str:  5    XL:     7   Next: 4%
Magic:  17/17      EV: 13    Int: 22    God:    Kikubaaqudgha [......]
Gold:   210        SH:  0    Dex: 15    Spells: 8/17 levels left

rFire   . . .      SeeInvis .   l - +1 quarterstaff
rCold   + . .      Faith    .   (no shield)
rNeg    . . .      Spirit   .   o - +1 leather armour {rC+}
rPois   .          Reflect  .   (no helmet)
rElec   .          Harm     .   (no cloak)
rCorr   .          Rampage  .   (no gloves)
Will    .....                   h - +2 pair of boots
Stlth   +++.......              (no amulet)
HPRegen 0.12/turn               c - ring of flight
MPRegen 0.15/turn               (no ring)

@: flying
A: no striking features
a: Renounce Religion


You were on level 7 of the Dungeon.
You worshipped Kikubaaqudgha.
Kikubaaqudgha was noncommittal.
You visited 2 branches of the dungeon, and saw 8 of its levels.

You collected 210 gold pieces.

Inventory:

Hand Weapons
 g - a +0 dagger
 l - a +1 quarterstaff (weapon)
 r - a +0 shortbow
Missiles
 i - 115 arrows
Armour
 f - an orb of energy
 h - a +2 pair of boots (worn)
 o - a +1 leather armour of cold resistance (worn)
Jewellery
 c - a ring of flight (left hand)
Wands
 q - a wand of charming (3)
Scrolls
 a - 2 scrolls of identify
 b - a scroll of blinking
 t - a scroll of silence {unknown}
Potions
 d - 2 potions of might
 e - 3 potions of cancellation
 k - a potion of heal wounds
 m - a potion of attraction
 n - 2 potions of flight
 p - a potion of ambrosia
 s - a potion of curing {unknown}


   Skills:
 + Level 5.0 Dodging
 + Level 5.4 Stealth
 + Level 5.6 Spellcasting
 + Level 6.6 Necromancy


You had 8 spell levels left.
You knew the following spells:

 Your Spells              Type           Power      Damage    Failure   Level
a - Pain                  Necr           100%       1d9       1%          1
b - Animate Skeleton      Necr           70%        N/A       1%          1
c - Vampiric Draining     Necr           35%        2d8       3%          3
d - Animate Dead          Necr           17%        N/A       11%         4

Your spell library contained the following spells:

 Spells                   Type           Power      Damage    Failure   Level
 Agony                    Necr           35%        N/A       28%         5
 Gell's Gravitas          Tloc           6%         N/A       43%         3
 Lesser Beckoning         Tloc           6%         N/A       43%         3
 Teleport Other           Tloc           6%         N/A       43%         3
 Hailstorm                Conj/Ice       6%         3d4       85%         4
 Ice Form                 Ice/Tmut       6%         N/A       85%         4
 Summon Ice Beast         Ice/Summ       6%         N/A       85%         4
 Summon Mana Viper        Hex/Summ       6%         N/A       99%         5
 Simulacrum               Ice/Necr       10%        N/A       99%         6
 Conjure Ball Lightning   Conj/Air       3%         3x3d6     100%        6
 Monstrous Menagerie      Summ           3%         N/A       100%        7
 Discord                  Hex            3%         N/A       100%        8
 Disjunction              Tloc           3%         N/A       100%        8


Dungeon Overview and Level Annotations

Branches:
Dungeon (7/15)             Temple (1/1) D:4

Altars:
Ashenzari
Cheibriados
Dithmenos
Elyvilon
Fedhas
Gozag
Hepliaklqana
Kikubaaqudgha
Makhleb
Nemelex Xobeh
Okawaru
Qazlal
Ru
Sif Muna
Trog
Uskayaw
Vehumet
Wu Jian
Xom
Yredelemnul
Zin
The Shining One

Annotations:
D:4 Dowan, Duvessa
D:7 Prince Ribbit


Message History

There is a stone staircase leading down here.
Magic restored.
The yak gores you!
You fly downwards.
The howler monkey howls! x3; You hear a shout!
The howler monkey hits you but does no damage.
The howler monkey hoots and howls with incredible vigour! x2
You hear a shout! x7; You hear a loud, deep croak!
There is a stone staircase leading up here.
An ice beast and an orc come into view.
The orc shouts!
The howler monkey hoots and howls with incredible vigour!
The howler monkey closely misses you.
You hear a shout!
The howler monkey hoots and howls with incredible vigour!
The ice beast closely misses you. The howler monkey barely misses you.
You hear a shout!
You hear an angry hiss.
You hear a shout!
The howler monkey hits you but does no damage.
As you read the scroll of teleportation, it crumbles to dust.
You feel strangely unstable.
The howler monkey hoots and howls with incredible vigour!
The ice beast closely misses you.
The orc wizard casts a spell.
The orc wizard flickers and vanishes!
Deactivating autopickup; reactivate with Ctrl-A.
You hear a shout!
A wyvern skeleton comes into view.
Your surroundings suddenly seem different.
The howler monkey hoots and howls with incredible vigour!
The howler monkey hoots and howls with incredible vigour!
Prince Ribbit comes into view.
The howler monkey hoots and howls with incredible vigour!
Prince Ribbit barely misses you.
You hear a shout!
You sock Prince Ribbit!
Prince Ribbit is lightly wounded.
Prince Ribbit barely misses you.
The howler monkey hoots and howls with incredible vigour!
Prince Ribbit hits you!
You die...
Kikubaaqudgha rasps: "You have failed me!
Welcome... death!"

#.###.# ......#
#.##..##......#
#..#hh........#
#..#..........#
#............#
#.oY...###.##
#.....<....#
##########.h.........#
......F@.o.............
#####.##########.....#.
.. .....# #.# .....# #
######


You could see Prince Ribbit, a howler monkey (catching breath) and an orc.

Vanquished Creatures
  A water moccasin (D:5)
  A black bear (D:4)
  A howler monkey (D:6)
  2 hounds
  A bullfrog skeleton (D:5)
  2 orc priests (D:5)
  An iguana (D:4)
  An orc wizard (D:5)
  A gnoll (D:7)
  3 adders
  An adder skeleton (D:4)
  3 dart slugs
  4 orcs (D:5)
  3 endoplasms
  3 giant cockroaches
  3 goblins
  4 hobgoblins
  A jackal (D:3)
  2 kobolds
  4 quokkas
  5 ball pythons
  2 bats (D:1)
  4 frilled lizards
  A rat (D:1)
54 creatures vanquished.

Vanquished Creatures (collateral kills)
  A jackal (D:3)
1 creature vanquished.

Grand Total: 55 creatures vanquished

Notes
Turn   | Place    | Note
-------+----------+-------------------------------------------
     0 | D:1      | Cheeritup the Deep Elf Necromancer began the quest for the
                  | Orb.
     0 | D:1      | Reached XP level 1. HP: 10/10 MP: 6/6
     2 | D:1      | Learned a level 1 spell: Animate Skeleton
   518 | D:1      | Reached skill level 5 in Necromancy
   518 | D:1      | Reached XP level 2. HP: 14/15 MP: 6/8
  1656 | D:2      | You fall into a shaft and drop 1 floor!
  1729 | D:2      | Reached XP level 3. HP: 12/19 MP: 2/10
  3211 | D:4      | Reached XP level 4. HP: 18/24 MP: 5/11
  3475 | D:4      | Noticed an ogre
  3587 | D:4      | Found a glowing golden altar of the Shining One.
  3606 | D:4      | Found a staircase to the Ecumenical Temple.
  3612 | D:4      | Noticed Duvessa
  3612 | D:4      | Noticed Dowan
  3765 | D:4      | Noticed a black bear
  3776 | D:4      | Killed a black bear
  3777 | D:4      | Reached XP level 5. HP: 5/28 MP: 4/13
  3831 | D:5      | Entered Level 5 of the Dungeon
  4061 | Temple   | Entered the Ecumenical Temple
  4340 | Temple   | Became a worshipper of Kikubaaqudgha
  4912 | D:5      | Noticed a water moccasin
  5365 | D:5      | Killed a water moccasin
  5366 | D:5      | Reached skill level 5 in Spellcasting
  5366 | D:5      | Reached skill level 6 in Necromancy
  5366 | D:5      | Reached XP level 6. HP: 7/32 MP: 9/15
  5894 | D:5      | Learned a level 3 spell: Vampiric Draining
  5899 | D:5      | Learned a level 4 spell: Animate Dead
  6120 | D:5      | Reached skill level 5 in Stealth
  6152 | D:5      | Noticed a sky beast
  7019 | D:6      | Noticed an orc warrior
  7027 | D:6      | Noticed a yak
  7027 | D:6      | Noticed a yak
  7029 | D:6      | Noticed a yak
  7042 | D:7      | Reached skill level 5 in Dodging
  7042 | D:7      | Reached XP level 7. HP: 9/36 MP: 12/17
  7339 | D:6      | Noticed a yak
  7340 | D:6      | Noticed a yak
  7357 | D:7      | Noticed Prince Ribbit
  7359 | D:7      | Slain by Prince Ribbit

Illustrated notes

Levels and vault maps discovered:
D:1:      nicolae_arrival_somewhat_less_tricky_arrival, layout_basic
D:2:      layout_loops_corners
D:3:      layout_basic, grunt_decor_cap, hex_medium
D:4:      layout_basic, mainiacjoe_overflow_brackets,
          minmay_temple_entry_statues_fountains, uniq_duvessa
D:5:      layout_basic, serial_rivers, chequers_serial_rivers_room_b,
          chequers_serial_rivers_micro_d, chequers_serial_rivers_micro_c,
          chequers_serial_rivers_micro_e, chequers_serial_rivers_large_b,
          chequers_serial_rivers_small_b
D:6:      layout_layer_cave, chequers_serial_rivers_small_b
D:7:      layout_basic, uniq_prince_ribbit1
Temple:   mainiacjoe_temple_hex_bubbles

Skill      XL: |  1  2  3  4  5  6 |
---------------+-------------------+-----
Necromancy     | 5 6 |  6.6
Stealth        | 3 4 5 |  5.4
Dodging        | 3 4 5 |  5.0
Spellcasting   | 4 5 |  5.6

Action                   |  1- 3 |  4- 6 |  7- 9 || total
-------------------------+-------+-------+-------++-------
Melee: Quarterstaff      |     4 |    18 |     1 ||    23
 Cast: Pain              |    65 |    69 |     7 ||   141
       Animate Skeleton  |     1 |     5 |     2 ||     8
  Use: Scroll            |     6 |    12 |     1 ||    19
       Potion            |       |     1 |       ||     1
Armor: Leather armour    |     7 |    14 |     3 ||    24
Dodge: Dodged            |    15 |    29 |    10 ||    54

Table legend: (Time is in decaauts)
 A = Elapsed time spent in this place.
 B = Non-inter-level travel time spent in this place.
 C = Inter-level travel time spent in this place.
 D = Time resting spent in this place.
 E = Time spent auto-exploring this place.
 F = Levels seen in this place.
 G = Mean time per level.
                   A        B        C        D        E       F      G
               +--------+--------+--------+--------+--------+-----+--------+
         Total |   7366 |   7098 |    268 |   2002 |   3200 |   8 |  920.8 |
       Dungeon |   6967 |   6699 |    268 |   1902 |   2967 |   7 |  995.3 |
        Temple |    398 |    398 |      0 |    100 |    233 |   1 |  398.0 |
               +--------+--------+--------+--------+--------+-----+--------+

Top non-repeatable levels by time:
     D:5: 2251 daAuts
     D:2: 1253 daAuts
     D:1: 1065 daAuts
     D:4: 1050 daAuts
     D:3: 933 daAuts
  Temple: 398 daAuts
     D:7: 303 daAuts
     D:6: 110 daAuts
